Map: Old Sun Temple LE

Players

Saul

  • Race: Terran Terran
  • League: Gold

ChiCha - Winner!

  • Race: Terran Terran
  • League: Gold

VOD

Have the link to the VOD?

Description

Time

  • Played on: Oct. 19, 2026, 6:03 p.m.
  • Length: 15:37
Show
View Real Time Build Order
Export as new Build Order

Saul Terran 

Build Orders:  

Get SALT Encoding   

  12  0:00  SCV  
  13  0:16  Supply Depot  
  13  0:17  SCV  
  14  0:29  SCV  
  15  0:39  Barracks  
  15  0:41  SCV  
  16  0:46  Refinery  
  16  0:53  SCV  
  17  1:05  SCV  
  18  1:17  SCV  
  19  1:27  Marine  
  19  1:28  Supply Depot  
  19  1:29  Orbital Command  
  20  1:45  Marine  
  21  1:51  Barracks  
  21  1:55  Barracks  
  21  1:59  Refinery  
  21  2:00  SCV  
  22  2:05  Barracks Reactor  
  22  2:13  SCV  
  23  2:25  SCV  
  24  2:37  SCV  
  24  2:41  Marine x2  
  24  2:42  Barracks Tech Lab  
  27  2:45  Supply Depot  
  27  2:48  Barracks Tech Lab  
  27  2:58  Marine  
  27  2:59  Marine  
  27  3:01  Combat Shield  
  29  3:07  Stimpack  
  29  3:08  Supply Depot  
  29  3:09  Marauder  
  29  3:11  Marauder  
  33  3:16  Marine x2  
  35  3:30  Marauder  
  35  3:31  Supply Depot  
  37  3:34  Marine x2  
  37  3:37  Marauder  
  41  3:52  Marauder, Marine x2  
  45  3:57  Supply Depot  
  45  4:03  Marauder  
  47  4:10  Marine x2  
  49  4:19  Marine  
  49  4:20  Concussive Shells  
  50  4:49  Command Center  
  50  4:58  Factory  
  50  5:06  Engineering Bay  
  44  5:29  Marine  
  44  5:30  Marine, Marauder  
  44  5:31  Marauder  
  44  5:33  Terran Infantry Weapons Level 1  
  50  5:44  Missile Turret  
  50  5:47  Factory Tech Lab  
  50  6:02  Starport  
  50  6:05  Missile Turret  
  50  6:26  Missile Turret  
  50  6:29  Orbital Command  
  50  6:33  SCV  
  50  6:37  Missile Turret  
  51  6:45  Medivac, SCV  
  54  6:57  SCV  
  54  7:00  Refinery  
  55  7:06  Siege Tank  
  58  7:10  SCV x2  
  60  7:23  Starport Reactor  
  60  7:28  Terran Infantry Armor Level 1  
  60  7:29  Starport  
  60  7:35  Engineering Bay  
  60  7:40  Armory  
  60  7:49  SCV  
  60  7:50  SCV  
  62  7:54  Siege Tank  
  62  7:58  Marine x2  
  66  7:59  Marauder  
  66  8:00  Marauder  
  66  8:01  SCV  
  66  8:02  SCV  
  73  8:24  SCV  
  73  8:25  SCV, Missile Turret x2  
  75  8:31  Siege Tank  
  75  8:32  Missile Turret  
  78  8:46  Supply Depot  
  78  8:59  Starport Tech Lab  
  78  9:06  Terran Infantry Weapons Level 2  
  78  9:07  Marine x2  
  78  9:08  Medivac x2, SCV  
  78  9:09  Supply Depot  
  85  9:20  Marauder x2, SCV x2  
  91  9:28  Refinery  
  91  9:32  Supply Depot, SCV  
  91  9:35  Marine  
  91  9:36  Marine  
  94  9:39  Medivac  
  94  9:40  Medivac  
  94  9:41  Marauder x2  
  102  9:45  Terran Infantry Armor Level 2  
  102  9:54  Marine x2  
  104  10:02  Marine  
  104  10:06  Command Center, Refinery  
  105  10:09  Medivac  
  105  10:10  Medivac  
  105  10:11  Supply Depot  
  109  10:27  Missile Turret  
  108  10:34  Supply Depot  
  111  10:35  Siege Tank  
  111  10:48  Missile Turret  
  110  11:10  Missile Turret  
  110  11:25  Banshee  
  113  11:27  Cloaking Field  
  113  11:31  Missile Turret  
  113  11:35  Starport x3  
  113  11:38  Starport  
  113  11:43  SCV x2  
  115  11:53  Missile Turret  
  115  11:55  SCV x2  
  117  12:06  Command Center  
  117  12:07  Banshee  
  117  12:08  Marine x2  
  120  12:09  Marine, Marauder  
  125  12:16  Starport Tech Lab x3  
  125  12:24  Starport Tech Lab  
  125  12:52  Missile Turret  
  125  12:56  SCV  
  126  13:05  Supply Depot  
  126  13:09  Supply Depot  
  126  13:14  Missile Turret  
  126  13:17  Viking x2  
  126  13:18  SCV x2  
  132  13:23  Orbital Command  
  132  13:30  SCV x2  
  134  13:34  Missile Turret  
  134  13:42  SCV x2  
  134  13:47  Viking  
  138  13:50  Refinery, Marine x2  
  138  13:51  Marauder  
  138  13:52  Marauder  
  138  13:54  SCV x2, Banshee  
  138  13:55  Banshee x2  
  152  13:56  Refinery  
  152  14:00  Viking  
  157  14:24  Reaper x2  
  157  14:26  Banshee, Marine x2, Viking  
  157  14:30  Viking  
  168  14:37  Supply Depot  
  168  15:00  Supply Depot  
  74  15:17  Marine  
  74  15:18  Marine x3  
  76  15:23  Supply Depot  
Show
View Real Time Build Order
Export as new Build Order

ChiCha Terran - Winner!

Build Orders: Mech 

Get SALT Encoding   

  12  0:02  SCV  
  13  0:18  Supply Depot  
  13  0:19  SCV  
  14  0:31  SCV  
  15  0:42  Barracks  
  15  0:43  SCV  
  16  0:55  SCV  
  17  1:03  Supply Depot  
  17  1:06  Refinery  
  17  1:07  SCV  
  18  1:13  Refinery  
  18  1:20  SCV  
  20  1:42  Orbital Command  
  20  1:46  Marine  
  20  1:58  Barracks  
  20  2:05  Marine  
  20  2:06  Factory  
  21  2:32  SCV  
  21  2:34  Command Center, Barracks Reactor  
  23  2:44  SCV  
  23  2:45  Barracks Tech Lab  
  23  2:53  Starport  
  23  2:54  Factory Reactor  
  23  2:56  SCV  
  24  3:04  Supply Depot  
  24  3:07  Marine  
  24  3:10  Stimpack  
  25  3:15  SCV  
  26  3:21  Marine x2  
  26  3:26  Marine  
  29  3:30  SCV  
  30  3:39  Marine x2  
  32  3:48  Marine  
  32  3:51  Factory Tech Lab  
  33  3:56  Marine  
  33  4:02  SCV  
  35  4:07  Marine  
  35  4:08  Marine  
  35  4:09  Siege Tank  
  40  4:14  Engineering Bay  
  40  4:18  Marine  
  40  4:20  Barracks  
  41  4:24  Orbital Command  
  41  4:25  Marine  
  42  4:35  Medivac x2  
  46  4:47  SCV  
  47  4:54  SCV  
  47  4:55  Supply Depot  
  47  4:56  Siege Tank  
  47  4:59  SCV  
  52  5:03  Terran Infantry Weapons Level 1  
  47  5:28  Siege Tank  
  47  5:35  Marine x3  
  53  5:43  Orbital Command  
  53  5:51  Barracks Reactor  
  53  5:52  Marine x2  
  53  5:53  Marine  
  56  6:10  Marine x2  
  58  6:18  Barracks  
  58  6:35  SCV  
  58  6:36  SCV  
  60  6:48  SCV x2  
  62  6:55  Command Center  
  62  6:58  Terran Infantry Armor Level 1  
  62  7:01  Refinery x2  
  62  7:09  Supply Depot  
  62  7:13  Supply Depot  
  62  7:30  Marine x5  
  62  7:31  SCV x2  
  62  7:32  Supply Depot  
  62  7:34  Supply Depot  
  69  7:38  Factory  
  69  7:39  Factory  
  69  7:43  SCV x2  
  71  7:46  Barracks Reactor  
  71  7:47  Medivac x2  
  71  7:48  Marine  
  71  7:50  Marine x2  
  78  7:54  Marine x2, Siege Tank  
  78  7:55  SCV x2  
  77  8:06  Marine  
  72  8:14  Marine x4  
  76  8:24  Marine  
  76  8:26  Siege Tank  
  80  8:36  Armory  
  80  8:38  Factory Tech Lab x2  
  80  8:40  Armory  
  80  8:44  Marine  
  80  8:45  Marine x6  
  87  8:52  Engineering Bay  
  87  8:56  SCV x2  
  90  9:09  SCV, Orbital Command  
  90  9:16  Siege Tank  
  90  9:17  Siege Tank  
  96  9:21  SCV  
  97  9:33  SCV  
  98  9:42  Terran Infantry Weapons Level 2  
  98  9:43  Terran Infantry Armor Level 2  
  98  9:45  SCV, Terran Vehicle Weapons Level 1  
  99  9:46  Terran Vehicle And Ship Armor Level 1  
  99  9:48  Command Center  
  99  9:59  Marine x7  
  106  10:05  Missile Turret  
  106  10:09  Missile Turret  
  106  10:16  Marine  
  107  10:22  SCV  
  107  10:23  SCV x2  
  109  10:33  Marine x4  
  109  10:34  Marine, SCV  
  109  10:35  SCV x2  
  117  10:47  Supply Depot  
  117  10:50  SCV, Siege Tank  
  121  11:02  SCV  
  122  11:14  SCV  
  122  11:16  Marine x6  
  122  11:17  Marauder, Siege Tank x2  
  122  11:18  Medivac x2  
  131  11:37  Starport  
  131  11:38  Marauder  
  133  11:43  Planetary Fortress  
  133  11:52  Refinery  
  133  11:53  Starport, Refinery  
  133  11:55  Missile Turret  
  133  12:03  Marine x4  
  133  12:04  Marine x3  
  140  12:15  Barracks  
  140  12:16  Barracks  
  140  12:20  Barracks  
  140  12:21  Marine, SCV  
  142  12:27  Starport Reactor  
  142  12:30  Starport Reactor  
  142  12:33  SCV  
  143  12:37  Command Center  
  143  12:43  Marine x5  
  148  12:52  Supply Depot  
  148  12:53  Supply Depot  
  148  12:54  Supply Depot x2  
  148  12:57  Supply Depot  
  148  12:58  Supply Depot  
  148  13:14  Marine, Siege Tank  
  152  13:21  Fusion Core  
  152  13:22  Liberator x4  
  164  13:39  Refinery  
  164  13:40  Refinery  
  164  13:48  Barracks Reactor x3  
  164  13:59  SCV  
  164  14:02  Factory  
  165  14:03  SCV  
  165  14:04  Marine  
  165  14:05  Marine x5  
  165  14:08  Medivac  
  174  14:10  Medivac  
  174  14:11  SCV  
  174  14:15  SCV  
  178  14:26  Command Center  
  178  14:28  SCV  
  179  14:40  SCV  
  180  14:55  Marine x4  
  180  14:56  Marine x4  
  180  14:57  Marine, Marauder  
  156  15:16  Marine x4  
  156  15:17  Marine x3  
Tags
 
Composition
Mech
League
GoldGold
Matchup
TvT
Race
Terran
Add a new tag
Caveats
  • Supply blocks, unpowered buildings, or Contaminate may cause inaccurate times.
  • Supply counts are checked every 10 seconds.